 Dungeon Crawl Stone Soup version 0.28.0-43-g3370ac3207 (webtiles) character file.

Game seed: 13910174835359746498

8857 Ablot the Thaumaturge (level 11, -4/84 (86) HPs)
             Began as a Gnoll Warper on Mar 6, 2022.
             Was a Believer of the Shining One.
             Slain by an eidolon (13 damage)
             ... on level 1 of the Abyss.
             The game lasted 00:27:22 (12095 turns).

Ablot the Thaumaturge (Gnoll Warper)               Turns: 12095, Time: 00:27:23

HP:   -4/84 (86)    AC: 14    Str: 15    XL:     11   Next: 37%
MP:   23/23         EV: 14    Int: 12    God:    the Shining One [**....]
Gold: 221           SH:  5    Dex: 14    Spells: 23/26 levels left

rFire   + + +      SeeInvis +   I - +2 rapier (speed)
rCold   . . .      Faith    .   (no shield)
rNeg    + . .      Spirit   .   E - +3 ring mail of Darkness {rF+++ Regen+ MP-9 Stlth-}
rPois   +          Reflect  +   (no helmet)
rElec   +          Harm     .   q - +0 cloak
rCorr   .          Rampage  .   F - +0 pair of gloves
Will    .....                   o - +1 pair of boots
Stlth   +.........              Q - amulet of the Prince {Reflect *Slow rElec rPois Dex+2 SH+5}
HPRegen 1.04/turn               f - ring of see invisible
MPRegen 0.18/turn               K - ring of magical power

@: slowed, glowing, lightly drained, very slow
A: fangs 1, strong nose, distributed training
a: Renounce Religion, Divine Shield


You were on level 1 of the Abyss.
You worshipped the Shining One.
The Shining One was pleased with you.
You visited 2 branches of the dungeon, and saw 11 of its levels.
You visited the Abyss 1 time.

You collected 539 gold pieces.
You spent 318 gold pieces at shops.

Inventory:

Hand Weapons
 a - a +0 trident
 r - a +0 hand crossbow
 I - a +2 rapier of speed (weapon)
Missiles
 d - 4 boomerangs of dispersal
 e - 348 stones
 g - 11 poisoned darts (quivered)
 p - 66 sling bullets
 s - 36 bolts
 w - 103 arrows
 H - 5 boomerangs
Armour
 j - +0 acid dragon scales
 o - a +1 pair of boots (worn)
 q - a +0 cloak (worn)
 A - a +2 ring mail of cold resistance
 E - the +3 ring mail of Darkness (worn) {rF+++ Regen+ MP-9 Stlth-}
   (You took it off a gnoll on level 5 of the Dungeon)

   rF:        It renders you almost immune to fire.
   MP:        It affects your magic capacity (-9).
   Regen:     It increases your rate of health regeneration.
   Stlth:     It makes you less stealthy.
 F - a +0 pair of gloves (worn)
 L - an orb of guile
Jewellery
 f - a ring of see invisible (left hand)
 K - a ring of magical power (right hand)
 Q - the amulet of the Prince (around neck) {Reflect *Slow rElec rPois Dex+2 SH+5}
   (You found it on level 9 of the Dungeon)

   [amulet of reflection]

   It reflects blocked missile attacks.
   Dex:       It affects your dexterity (+2).
   rElec:     It insulates you from electricity.
   rPois:     It protects you from poison.
   *Slow:     It may slow you when you take damage.
   SH:        It affects your SH (+5).
Wands
 D - a wand of flame (56)
 O - a wand of mindburst (20)
 R - a wand of polymorph (2)
Scrolls
 c - 5 scrolls of blinking
 i - 2 scrolls of immolation {unknown}
 k - 4 scrolls of teleportation
 l - a scroll of silence {unknown}
 n - 4 scrolls of magic mapping {unknown}
 u - 3 scrolls of enchant armour {unknown}
 v - 3 scrolls of vulnerability {unknown}
 y - 2 scrolls of summoning {unknown}
 B - 3 scrolls of noise {unknown}
 J - a scroll of amnesia {unknown}
 M - a scroll of enchant weapon {unknown}
 N - a scroll of torment {unknown}
 S - a scroll of identify
Potions
 b - a potion of berserk rage
 h - 4 potions of heal wounds
 m - 3 potions of attraction
 t - 4 potions of flight
 x - a potion of mutation
 z - 3 potions of brilliance
 C - 6 potions of curing
 G - a potion of haste
 P - a potion of might


   Skills:
 + Level 7.8 Fighting
 + Level 6.2 Short Blades
 + Level 6.2 Long Blades
 + Level 6.2 Axes
 + Level 6.2 Maces & Flails
 + Level 7.8 Polearms
 + Level 6.2 Staves
 + Level 6.2 Slings
 + Level 6.2 Bows
 + Level 6.2 Crossbows
 + Level 6.8 Throwing
 + Level 6.8 Armour
 + Level 7.8 Dodging
 + Level 6.2 Stealth
 + Level 6.2 Shields
 + Level 6.2 Unarmed Combat
 + Level 8.1 Spellcasting
 + Level 5.1 Conjurations
 + Level 5.1 Hexes
 + Level 5.1 Summonings
 + Level 5.1 Necromancy
 + Level 7.6 Translocations
 + Level 5.1 Transmutations
 + Level 5.1 Fire Magic
 + Level 5.1 Ice Magic
 + Level 5.1 Air Magic
 + Level 5.1 Earth Magic
 + Level 5.1 Poison Magic
 + Level 6.8 Invocations
 + Level 6.2 Evocations


You had 23 spell levels left.
You knew the following spells:

 Your Spells              Type           Power      Damage    Failure   Level
a - Blink                 Tloc           46%        N/A       1%          2
b - Sting                 Tmut/Pois      68%        1d6       3%          1

Your spell library contained the following spells:

 Spells                   Type           Power      Damage    Failure   Level
 Gell's Gravitas          Tloc           23%        N/A       3%          3
 Lesser Beckoning         Tloc           23%        N/A       3%          3
 Teleport Other           Tloc           23%        N/A       3%          3
 Scorch                   Fire           34%        2d6       4%          2
 Frozen Ramparts          Ice            34%        1d5       10%         3
 Summon Guardian Golem    Hex/Summ       17%        N/A       10%         3
 Flame Wave               Conj/Fire      17%        2d6       30%         4
 Ice Form                 Ice/Tmut       17%        N/A       30%         4
 Summon Ice Beast         Ice/Summ       17%        N/A       30%         4
 Manifold Assault         Tloc           23%        N/A       32%         5
 Summon Cactus Giant      Summ           8%         N/A       99%         6


Dungeon Overview and Level Annotations

Branches:
Dungeon (10/15)            Temple (1/1) D:6            Lair (0/6) D:8
    Orc: D:9-12

Altars:
Ashenzari
Cheibriados
Dithmenos
Elyvilon
Fedhas
Gozag
Hepliaklqana
Kikubaaqudgha
Makhleb
Nemelex Xobeh
Okawaru
Qazlal
Ru
Sif Muna
Trog
Uskayaw
Vehumet
Wu Jian
Xom
Yredelemnul
Zin
The Shining One

Shops:
D:4 *   D:7 *   D:8 !==[[   D:9 :!

Annotations:
D:7 2 transporters, Elsvaer's ghost, novice DECj
D:9 2 transporters, Tutankhamun's ghost, novice SpBr
D:10 Erolcha


Innate Abilities, Weirdness & Mutations

You have very sharp teeth.
Your uncanny sense of smell can sniff out nearby items.
Your experience applies equally to all skills.


Message History

You attempt to attack the eidolon, but flinch away in fear!
The eidolon hits you but does no damage.
The eidolon hits you.
* * * LOW HITPOINT WARNING * * *
You attempt to attack the eidolon, but flinch away in fear!
The eidolon hits you.
* * * LOW HITPOINT WARNING * * *
The eidolon drains your vigour!
You feel as though you will be slow longer.
The eidolon hits you but does no damage.
You attempt to attack the eidolon, but flinch away in fear!
You block the eidolon's attack. The eidolon hits you.
* * * LOW HITPOINT WARNING * * *
You feel as though you will be slow longer.
You barely miss the eidolon.
The eidolon is moderately damaged.
The eidolon barely misses you. The eidolon completely misses you.
You hit the eidolon. You punch the eidolon. Your bite misses the eidolon.
The eidolon is moderately damaged.
The eidolon hits you but does no damage.
The eidolon completely misses you.
You attempt to attack the eidolon, but flinch away in fear!
You hit the eidolon. You bite the eidolon, but do no damage.
The eidolon is moderately damaged.
Your fear fades away.
The eidolon hits you! The Shining One protects you from harm!
The eidolon hits you but does no damage.
You hit the eidolon but do no damage. You bite the eidolon, but do no damage.
The eidolon is moderately damaged.
You block the eidolon's attack.
The eidolon hits you but does no damage.
You hit the eidolon but do no damage.
The eidolon is moderately damaged.
The eidolon closely misses you.
The eidolon hits you but does no damage.
You completely miss the eidolon.
The eidolon is moderately damaged.
The eidolon hits you!
You die...

. . .. . ..
...
....#........
..# .. .
#....... ....
. # .........
.#..##
#....## #..
.#........#..
. ...
#........ . .
.# .#.#####.
.# ## .#@...#
... . ..
#W#### . ..
.......# ####
#..#...# #..
......## ###
..##. ## .. .
..#. ## ... .


You could see an eidolon.

Vanquished Creatures
  A two-headed ogre (D:9)
  A cyclops (D:9)
  A troll (D:8)
  A hornet (D:9)
  A ynoxinul (D:8)
  A wyvern (D:9)
  19 yaks
  An acid dragon (D:9)
  3 water moccasins (D:7)
  3 ice beasts
  2 orc warriors (D:10)
  A hornet zombie (D:5)
  3 ogres
  A black bear (D:6)
  A necrophage (D:7)
  3 centaurs
  A bullfrog (D:7)
  3 scorpions
  A gnoll sergeant (D:7)
  A water moccasin zombie (D:6)
  12 killer bees
  3 howler monkeys (D:9)
  An electric eel (D:6)
  4 centaur zombies
  3 bullfrog skeletons
  6 hounds
  5 orc priests
  2 centaur skeletons (D:7)
  A gnoll shaman (D:7)
  2 iguanas (D:4)
  4 orc wizards
  Crazy Yiuf (D:2)
  A killer bee zombie (D:3)
  2 howler monkey zombies
  14 gnolls
  7 adders
  2 white imps
  An ufetubus (D:6)
  2 worms
  4 dart slugs
  19 orcs
  4 ball pythons
  2 bats (D:3)
  5 endoplasms
  3 giant cockroaches
  6 goblins
  12 hobgoblins
  4 jackals (D:4)
  2 quokkas
  3 frilled lizards
  12 kobolds
  4 rats
202 creatures vanquished.

Vanquished Creatures (others)
  A bullfrog skeleton (D:5)
  A scorpion zombie (D:5)
2 creatures vanquished.

Grand Total: 204 creatures vanquished

Notes
Turn   | Place    | Note
-------+----------+-------------------------------------------
     0 | D:1      | Ablot the Gnoll Warper began the quest for the Orb.
     0 | D:1      | Reached XP level 1. HP: 20/20 MP: 6/6
    89 | D:1      | Reached XP level 2. HP: 26/26 MP: 7/7
    92 | D:1      | Learned a level 2 spell: Blink
   572 | D:2      | Reached XP level 3. HP: 22/31 MP: 9/9
   687 | D:2      | Reached skill level 5 in Spellcasting
  1026 | D:2      | Reached skill level 1 in Invocations
  1415 | D:2      | Found a runed translucent door.
  1416 | D:2      | Noticed Crazy Yiuf
  1611 | D:2      | Killed Crazy Yiuf
  1612 | D:2      | Reached skill level 1 in Short Blades
  1612 | D:2      | Reached skill level 1 in Long Blades
  1612 | D:2      | Reached skill level 1 in Axes
  1612 | D:2      | Reached skill level 1 in Maces & Flails
  1612 | D:2      | Reached skill level 1 in Staves
  1612 | D:2      | Reached skill level 1 in Slings
  1612 | D:2      | Reached skill level 1 in Bows
  1612 | D:2      | Reached skill level 1 in Crossbows
  1612 | D:2      | Reached skill level 1 in Stealth
  1612 | D:2      | Reached skill level 1 in Shields
  1612 | D:2      | Reached skill level 1 in Unarmed Combat
  1612 | D:2      | Reached skill level 1 in Evocations
  1612 | D:2      | Reached XP level 4. HP: 22/38 MP: 8/11
  2020 | D:3      | Found a broken altar of Ashenzari.
  2048 | D:3      | Reached skill level 1 in Conjurations
  2048 | D:3      | Reached skill level 1 in Hexes
  2048 | D:3      | Reached skill level 1 in Summonings
  2048 | D:3      | Reached skill level 1 in Necromancy
  2048 | D:3      | Reached skill level 1 in Transmutations
  2048 | D:3      | Reached skill level 1 in Fire Magic
  2048 | D:3      | Reached skill level 1 in Ice Magic
  2048 | D:3      | Reached skill level 1 in Air Magic
  2048 | D:3      | Reached skill level 1 in Earth Magic
  2048 | D:3      | Reached skill level 1 in Poison Magic
  2369 | D:3      | Found a glowing golden altar of the Shining One.
  2377 | D:3      | Became a worshipper of the Shining One
  2505 | D:3      | Reached XP level 5. HP: 38/43 MP: 12/12
  2541 | D:3      | Found a faded altar of an unknown god.
  2571 | D:3      | Identified the +2 plate armour of Negation {+Inv}
  3517 | D:4      | Reached XP level 6. HP: 50/50 MP: 13/13
  4067 | D:4      | Reached skill level 5 in Fighting
  4067 | D:4      | Reached skill level 5 in Polearms
  4067 | D:4      | Reached skill level 5 in Dodging
  4070 | D:4      | Found Soim's Assorted Antiques.
  4083 | D:4      | Bought a scroll labelled LAMEDO APSIPTO for 29 gold pieces
  4083 | D:4      | Bought a scroll labelled IREPHO BEK EFAEZ for 29 gold
                  | pieces
  4083 | D:4      | Bought a scroll labelled HEGHYM OM OQAS for 29 gold pieces
  4083 | D:4      | Bought 2 metallic ruby potions for 52 gold pieces
  4442 | D:5      | Entered Level 5 of the Dungeon
  4513 | D:5      | Noticed an ice beast
  4590 | D:5      | Noticed an ice beast
  4611 | D:5      | Identified the +3 ring mail of Darkness {rF+++ Regen+ MP-9
                  | Stlth-}
  4613 | D:5      | Killed an ice beast
  4614 | D:5      | Reached XP level 7. HP: 20/56 MP: 15/15
  5112 | D:5      | Reached * piety under the Shining One
  5325 | D:5      | Found a radiant altar of Vehumet.
  5628 | D:5      | Found an ornate altar of the Wu Jian Council.
  6143 | D:5      | Reached XP level 8. HP: 63/63 MP: 7/16
  6373 | D:6      | Found a staircase to the Ecumenical Temple.
  6393 | D:6      | Reached skill level 6 in Spellcasting
  6412 | Temple   | Entered the Ecumenical Temple
  6944 | D:6      | Found an ancient bone altar of Kikubaaqudgha.
  7496 | D:7      | Found a glowing silver altar of Zin.
  7660 | D:7      | Found a bloodstained altar of Trog.
  7660 | D:7      | Noticed Elsvaer's ghost (novice DECj)
  7660 | D:7      | Noticed a moth of wrath
  7668 | D:7      | Reached ** piety under the Shining One
  7707 | D:7      | Reached XP level 9. HP: 69/69 MP: 18/18
  7921 | D:7      | Found Paggeuff's Serpentskin Sales.
  7946 | D:7      | Reached skill level 5 in Throwing
  7946 | D:7      | Reached skill level 5 in Armour
  7954 | D:7      | Bought 3 poisoned darts for 14 gold pieces
  7991 | D:7      | Found a transporter.
  7994 | D:7      | Found a transporter.
  8159 | D:7      | Found a hide-covered altar of Uskayaw.
  8198 | D:7      | Found an iron altar of Okawaru.
  8505 | D:8      | Found a staircase to the Lair.
  8621 | D:8      | Found Peip's Armour Boutique.
  8783 | D:8      | Found Arifaf's Antique Armour Shoppe.
  8817 | D:8      | Found Pugugad's Jewellery Boutique.
  8880 | D:8      | Found a shimmering blue altar of Sif Muna.
  8892 | D:8      | Reached skill level 5 in Invocations
  8896 | D:8      | Got Sif Muna's Catalogue of the Entourage and Moulding
  8899 | D:8      | Learned a level 1 spell: Sting
  8908 | D:8      | Found a bloodstained altar of Trog.
  8908 | D:8      | Noticed a troll
  8919 | D:8      | Killed a troll
  8959 | D:8      | Found Jaapebra's Jewellery Boutique.
  9278 | D:8      | Found Bugatt's Distillery.
  9283 | D:8      | Bought a potion of degeneration for 13 gold pieces
  9283 | D:8      | Bought a potion of curing for 39 gold pieces
  9283 | D:8      | Bought a potion of heal wounds for 65 gold pieces
  9321 | D:8      | Found a shadowy altar of Dithmenos.
  9761 | D:9      | Noticed a cyclops
  9809 | D:7      | Reached skill level 7 in Spellcasting
  9862 | D:8      | Reached XP level 10. HP: 57/77 MP: 9/20
  9964 | D:9      | Found Axetz's Distillery.
  9971 | D:9      | Bought a potion of might for 48 gold pieces
  9982 | D:9      | Found a sacrificial altar of Ru.
 10004 | D:9      | Identified the amulet of the Prince {Reflect *Slow rElec
                  | rPois Dex+2 SH+5}
 10098 | D:9      | Found a transporter.
 10106 | D:9      | Noticed Tutankhamun's ghost (novice SpBr)
 10124 | D:9      | Found a transporter.
 10159 | D:9      | Reached skill level 5 in Short Blades
 10159 | D:9      | Reached skill level 5 in Long Blades
 10159 | D:9      | Reached skill level 5 in Axes
 10159 | D:9      | Reached skill level 5 in Maces & Flails
 10159 | D:9      | Reached skill level 5 in Staves
 10159 | D:9      | Reached skill level 5 in Slings
 10159 | D:9      | Reached skill level 5 in Bows
 10159 | D:9      | Reached skill level 5 in Crossbows
 10159 | D:9      | Reached skill level 5 in Stealth
 10159 | D:9      | Reached skill level 5 in Shields
 10159 | D:9      | Reached skill level 5 in Unarmed Combat
 10159 | D:9      | Reached skill level 5 in Evocations
 10268 | D:9      | Found Ymegyocy's Book Shoppe.
 10308 | D:9      | Killed a cyclops
 10460 | D:9      | Found a shimmering altar of Xom.
 10664 | D:9      | Noticed a two-headed ogre
 10713 | D:9      | Reached XP level 11. HP: 56/84 MP: 22/22
 10768 | D:9      | Killed a two-headed ogre
 11116 | D:10     | Entered Level 10 of the Dungeon
 11212 | D:10     | Reached skill level 5 in Conjurations
 11212 | D:10     | Reached skill level 5 in Hexes
 11212 | D:10     | Reached skill level 5 in Summonings
 11212 | D:10     | Reached skill level 5 in Necromancy
 11212 | D:10     | Reached skill level 5 in Transmutations
 11212 | D:10     | Reached skill level 5 in Fire Magic
 11212 | D:10     | Reached skill level 5 in Ice Magic
 11212 | D:10     | Reached skill level 5 in Air Magic
 11212 | D:10     | Reached skill level 5 in Earth Magic
 11212 | D:10     | Reached skill level 5 in Poison Magic
 11410 | D:10     | Reached skill level 8 in Spellcasting
 12021 | D:10     | Noticed Erolcha
 12038 | D:10     | Cast into level 1 of the Abyss (Erolcha)
 12041 | Abyss:1  | Noticed an eidolon
 12087 | Abyss:1  | HP: 4/84 [eidolon (3)]
 12092 | Abyss:1  | The Shining One protects you from harm!
 12095 | Abyss:1  | Slain by an eidolon

Illustrated notes

Levels and vault maps discovered:
D:1:      shiori_shiawase, layout_rooms
D:2:      layout_loops_corners, uniq_crazy_yiuf_cottage
D:3:      layout_rooms, lemuel_coloured_pillars_altar,
          nicolae_ashenzari_skybound, chequers_ecumenical_altar_island,
          serial_rivers, chequers_serial_rivers_room_a,
          chequers_serial_rivers_micro_e, chequers_serial_rivers_marsh,
          chequers_serial_rivers_micro_e, chequers_serial_rivers_room_a
D:4:      layout_layer_cave, serial_shops, shop, palyth_stone_intersect,
          moated_statue
D:5:      layout_loops_ring, fiery_altar_vehumet, mainiacjoe_overflow_paths,
          lemuel_flamethrower_2
D:6:      layout_basic, kiku_gazebo_pond_becter,
          minmay_temple_entry_sparse_star, nrook_mini_vaults,
          minmay_crystal_water
D:7:      layout_loops_corners, okawaru_altar_gauntlet_db, zin_statuary,
          nicolae_uskayaw_suspiria, gammafunk_ghost_wrathful_warriors,
          guppyfry_shop_venom
D:8:      layout_layer_cave, nzn_overflow_gifts_of_might_and_magic,
          nicolae_dithmenos_through_a_glass_darkly, lair_entry_dummy,
          serial_shops, nicolae_shop_trees, nicolae_shop_hallway_plus, shop,
          shop_statue, nicolae_shop_advertising_works
          [nicolae_subvault_shop_adworks]
D:9:      layout_basic, chequers_temple_overflow_statue_of_worship,
          gammafunk_ghost_stat_death, serial_shops, nicolae_diamond_shop,
          kennysheep_small_circle
D:10:     layout_grid_maze, serial_shops, nicolae_shop_stone, minmay_microvault,
          uniq_erolcha, uniq_psyche
Temple:   compressed_dpeg_triangle_lava_temple
Abyss:1:  base:
D:2

Skill      XL: |  1  2  3  4  5  6  7  8  9 10 11 |
---------------+----------------------------------+-----
Spellcasting   | 5 6 7 8 |  8.1
Invocations    | 1 2 3 4 5 6 |  6.8
Short Blades   | 1 2 3 4 5 6 |  6.2
Long Blades    | 1 2 3 4 5 6 |  6.2
Axes           | 1 2 3 4 5 6 |  6.2
Maces & Flails | 1 2 3 4 5 6 |  6.2
Staves         | 1 2 3 4 5 6 |  6.2
Slings         | 1 2 3 4 5 6 |  6.2
Bows           | 1 2 3 4 5 6 |  6.2
Crossbows      | 1 2 3 4 5 6 |  6.2
Stealth        | 1 2 3 4 5 6 |  6.2
Shields        | 1 2 3 4 5 6 |  6.2
Unarmed Combat | 1 2 3 4 5 6 |  6.2
Evocations     | 1 2 3 4 5 6 |  6.2
Conjurations   | 1 2 3 4 5 |  5.1
Hexes          | 1 2 3 4 5 |  5.1
Summonings     | 1 2 3 4 5 |  5.1
Necromancy     | 1 2 3 4 5 |  5.1
Transmutations | 1 2 3 4 5 |  5.1
Fire Magic     | 1 2 3 4 5 |  5.1
Ice Magic      | 1 2 3 4 5 |  5.1
Air Magic      | 1 2 3 4 5 |  5.1
Earth Magic    | 1 2 3 4 5 |  5.1
Poison Magic   | 1 2 3 4 5 |  5.1
Throwing       | 3 4 5 6 |  6.8
Armour         | 3 4 5 6 |  6.8
Fighting       | 5 6 7 |  7.8
Polearms       | 5 6 7 |  7.8
Dodging        | 5 6 7 |  7.8
Translocations | 6 7 |  7.6

Action                   |  1- 3 |  4- 6 |  7- 9 | 10-12 || total
-------------------------+-------+-------+-------+-------++-------
Melee: Spear             |   129 |   274 |   168 |       ||   571
       Bite              |     5 |    35 |    69 |    79 ||   188
       Punch             |     1 |     6 |    21 |    35 ||    63
       Rapier            |       |       |   336 |   425 ||   761
Throw: Dart              |     1 |    11 |    13 |     7 ||    32
       Boomerang         |       |       |     4 |       ||     4
 Cast: Blink             |     1 |     1 |     2 |     2 ||     6
       Sting             |       |       |    14 |     5 ||    19
Invok: Divine Shield     |       |       |     3 |     3 ||     6
  Use: Scroll            |       |       |     1 |     6 ||     7
Armor: Leather armour    |     8 |    32 |       |       ||    40
       Ring mail         |       |    30 |   205 |   117 ||   352
Dodge: Dodged            |    59 |   115 |   295 |   175 ||   644
Block: Other             |       |       |    27 |    93 ||   120
       Reflection        |       |       |       |     1 ||     1
